 Dungeon Crawl Stone Soup version 0.28-a0-1624-g820543e53a (webtiles) character file.

Game seed: 17267337270765886912

62 HallandMoats the Skirmisher (level 4, 0/40 HPs)
             Began as a Ghoul Fighter on Jan 24, 2022.
             Was an Initiate of Yredelemnul.
             Slain by a gnoll (1 damage)
             ... on level 2 of the Dungeon.
             The game lasted 00:02:29 (1772 turns).

HallandMoats the Skirmisher (Ghoul Fighter)         Turns: 1772, Time: 00:02:30

Health: 0/40       AC: 12    Str: 19    XL:     4   Next: 8%
Magic:  3/3        EV:  5    Int:  5    God:    Yredelemnul [......]
Gold:   21         SH:  4    Dex:  8    Spells: 3/3 levels left

rFire   . . .      SeeInvis .   k - +0 whip
rCold   + . .      Faith    .   c - +0 buckler
rNeg    + + +      Spirit   .   n - +0 plate armour
rPois   ∞          Reflect  .   (no helmet)
rElec   .          Harm     .   i - +0 cloak
rCorr   .          Rampage  .   (no gloves)
Will    .....                   (no boots)
Stlth   ..........              (no amulet)
HPRegen 0.00/turn               e - ring of flight
MPRegen 0.08/turn               (no ring)

@: flying, inhibited regen
A: claws 1, cold resistance 1, negative energy resistance 3, inhibited
regeneration, torment resistance 2
a: Renounce Religion, Recall Undead Harvest


You were on level 2 of the Dungeon.
You worshipped Yredelemnul.
Yredelemnul was noncommittal.
You visited 1 branch of the dungeon, and saw 2 of its levels.

You collected 21 gold pieces.

Inventory:

Hand Weapons
 k - a +0 whip (weapon)
Armour
 c - a +0 buckler (worn)
 i - a +0 cloak (worn)
 n - a +0 plate armour (worn)
Jewellery
 e - a ring of flight (left claw)
Scrolls
 f - a scroll of immolation {unknown}
 g - a scroll of amnesia {unknown}
 j - a scroll of fear {unknown}
 m - a scroll of summoning {unknown}
Potions
 a - a potion of mutation {unknown}
 d - a potion of might
 h - a potion of ambrosia {unknown}
 l - a potion of brilliance {unknown}


   Skills:
 * Level 3.9 Fighting
 * Level 2.6 Maces & Flails
 + Level 3.0 Armour
 + Level 0.8 Dodging
 + Level 3.0 Shields


You had 3 spell levels left.
You didn't know any spells.
Your spell library was empty.

Dungeon Overview and Level Annotations

Branches:
Dungeon (2/15)

Altars:
Yredelemnul

Shops:
D:1 :


Innate Abilities, Weirdness & Mutations

You thrive by killing the living.
You are immune to poison.
You have sharp fingernails.
Your flesh is cold resistant. (rC+)
You are immune to negative energy. (rN+++)
You do not regenerate when monsters are visible.
You are immune to unholy pain and torment.


Message History

There is a stone staircase leading up here.
The gnoll hits you but does no damage. The gnoll barely misses you.
You fly upwards.
There is a stone staircase leading down here.
You start resting.
HP restored.
You fly downwards.
The gnoll hits you but does no damage.
There is a stone staircase leading up here.
The gnoll hits you with a +0 halberd.
You hit the gnoll but do no damage. You block the gnoll's attack.
You barely miss the gnoll. The gnoll hits you with a +0 halberd.
You closely miss the gnoll. The gnoll barely misses you.
You hit the gnoll.
The gnoll is moderately wounded.
The gnoll barely misses you.
You closely miss the gnoll.
The gnoll is moderately wounded.
The gnoll hits you with a +0 halberd!
You closely miss the gnoll.
The gnoll is moderately wounded.
The gnoll hits you but does no damage.
You barely miss the gnoll.
The gnoll is moderately wounded.
The gnoll hits you but does no damage.
You closely miss the gnoll.
The gnoll is moderately wounded.
The gnoll hits you with a +0 halberd!
You hit the gnoll.
The gnoll is moderately wounded.
The gnoll hits you with a +0 halberd!
* * * LOW HITPOINT WARNING * * *
You barely miss the gnoll.
The gnoll is moderately wounded.
The gnoll hits you with a +0 halberd.
* * * LOW HITPOINT WARNING * * *
You hit the gnoll.
The gnoll is heavily wounded.
The gnoll hits you with a +0 halberd.
You die...
Yredelemnul claims you as an undead slave.

#.......gg.# #.###.####.#
#.# #.# #.# #.# # #.# #.#
#.###.####)###
#............####
####.g(...........
.###########@.g......###..
...........<.............
#####..####.........###.
.#####..## #....)........
.........###.#...!...###.
######.......#..#.####
#g#...###....#
.######.####...#.###
........# #⌠.8..##


You could see 2 gnolls.

Vanquished Creatures
  A gnoll (D:1)
  3 dart slugs (D:1)
  4 ball pythons (D:1)
  3 bats
  3 endoplasms (D:1)
  2 giant cockroaches (D:1)
  4 goblins
  2 quokkas (D:1)
  4 frilled lizards (D:1)
  2 kobolds (D:1)
  6 rats (D:1)
34 creatures vanquished.

Vanquished Creatures (collateral kills)
  A gnoll (D:2)
  A goblin (D:2)
2 creatures vanquished.

Vanquished Creatures (others)
  A scorpion zombie (D:2)
  2 bat zombies (D:2)
  A jackal zombie (D:2)
4 creatures vanquished.

Grand Total: 40 creatures vanquished

Notes
Turn   | Place    | Note
-------+----------+-------------------------------------------
     0 | D:1      | HallandMoats the Ghoul Fighter began the quest for the Orb.
     0 | D:1      | Reached XP level 1. HP: 19/19 MP: 0/0
   114 | D:1      | Found Sadon's Book Shop.
   116 | D:1      | Reached XP level 2. HP: 26/26 MP: 1/1
   474 | D:1      | Reached XP level 3. HP: 33/33 MP: 2/2
   772 | D:2      | Found a faded altar of an unknown god.
   797 | D:2      | Prayed at the altar of an unknown god.
   797 | D:2      | Became a worshipper of Yredelemnul the Dark
   797 | D:2      | Reached * piety under Yredelemnul
   829 | D:2      | Reached XP level 4. HP: 16/40 MP: 3/3
  1771 | D:2      | HP: 1/40 [gnoll (6)]
  1772 | D:2      | Slain by a gnoll

Illustrated notes

Levels and vault maps discovered:
D:1:      dpeg_arrival_tiny_i, layout_rooms, serial_shops,
          nicolae_shop_hallway_plus, st_stairs_11
D:2:      layout_loops_ring, shapermc_ecumenical_altar_venn

Skill      XL: |  1  2  3 |
---------------+----------+-----
Maces & Flails | 2 |  2.6
Armour         | 3 |  3.0
Shields        | 3 |  3.0
Fighting       | |  3.9
Dodging        | |  0.8

Action                   |  1- 3 |  4- 6 || total
-------------------------+-------+-------++-------
Melee: Flail             |    51 |       ||    51
       Whip              |    67 |    30 ||    97
Armor: Scale mail        |    40 |       ||    40
       Plate armour      |    19 |    23 ||    42
Dodge: Dodged            |    54 |    11 ||    65
Block: Buckler           |    25 |     7 ||    32

Table legend: (Time is in decaauts)
 A = Elapsed time spent in this place.
 B = Non-inter-level travel time spent in this place.
 C = Inter-level travel time spent in this place.
 D = Time resting spent in this place.
 E = Time spent auto-exploring this place.
 F = Levels seen in this place.
 G = Mean time per level.
                   A        B        C        D        E       F      G
               +--------+--------+--------+--------+--------+-----+--------+
         Total |   1794 |   1788 |      6 |    876 |    525 |   2 |  897.0 |
       Dungeon |   1794 |   1788 |      6 |    876 |    525 |   2 |  897.0 |
               +--------+--------+--------+--------+--------+-----+--------+

Top non-repeatable levels by time:
     D:1: 1671 daAuts
     D:2: 122 daAuts
